 Dungeon Crawl Stone Soup version 0.26-a0-466-g989023bd0d (webtiles) character file.

Game seed: 17780682997931820651

10640 vurker the Fighter (level 11, -6/105 HPs)
             Began as a Minotaur Hunter on Aug 11, 2020.
             Was a Priest of Fedhas.
             Mangled by a guardian serpent (12 damage)
             ... on level 10 of the Dungeon.
             The game lasted 00:23:19 (15903 turns).

vurker the Fighter (Minotaur Hunter)               Turns: 15903, Time: 00:23:20

Health: -6/105     AC: 12    Str: 20    XL:     11   Next: 38%
Magic:  17/17      EV:  6    Int:  8    God:    Fedhas [***...]
Gold:   53         SH:  0    Dex: 11    Spells: 10/10 levels left

rFire    . . .     SeeInvis .   a - +0 lajatang (vamp)
rCold    . . .     Faith    .   (shield currently unavailable)
rNeg     + . .     Spirit   .   z - +0 plate armour
rPois    .         Reflect  .   (helmet restricted)
rElec    .         Harm     .   y - +0 cloak
rCorr    .                      A - +0 pair of gloves
MR       +....                  (no boots)
Stlth    ..........             (no amulet)
HPRegen  0.27/turn              f - ring of positive energy
MPRegen  0.15/turn              J - ring of protection from magic

@: mighty, hasted, very quick
A: retaliatory headbutt, horns 2
a: Wall of Briars, Grow Ballistomycete, Renounce Religion


You were on level 10 of the Dungeon.
You worshipped Fedhas.
Fedhas was most pleased with you.
You visited 2 branches of the dungeon, and saw 12 of its levels.
You also visited: Ossuary.

You collected 898 gold pieces.
You spent 845 gold pieces at shops.

Inventory:

Hand Weapons
 a - a +0 vampiric lajatang (weapon)
   (You bought it in a shop on level 10 of the Dungeon)
 b - a +0 vorpal bardiche
   (You took it off a centaur on level 10 of the Dungeon)
Missiles
 p - a throwing net
 C - 7 javelins (quivered)
Armour
 y - a +0 cloak (worn)
   (You found it on level 6 of the Dungeon)
 z - a +0 plate armour (worn)
   (You found it on level 6 of the Dungeon)
 A - a +0 pair of gloves (worn)
   (You found it on level 7 of the Dungeon)
Jewellery
 f - a ring of positive energy (left hand)
   (You found it on level 1 of the Dungeon)
 w - an uncursed ring of resist corrosion
   (You found it on level 5 of the Dungeon)
 J - a ring of protection from magic (right hand)
   (You found it on level 9 of the Dungeon)
 N - an uncursed ring of fire
   (You found it on level 10 of the Dungeon)
Wands
 c - a wand of disintegration (16)
   (You found it on level 7 of the Dungeon)
 d - a wand of iceblast (9)
   (You found it on level 7 of the Dungeon)
 r - a wand of polymorph (7)
   (You found it on level 4 of the Dungeon)
 t - a wand of flame (40)
   (You took it off a kobold on level 8 of the Dungeon)
 x - a wand of acid (3)
   (You found it on level 8 of the Dungeon)
 F - a wand of enslavement (6)
   (You found it on level 8 of the Dungeon)
Scrolls
 g - 8 scrolls of teleportation
 h - a scroll of remove curse
 i - 6 scrolls of immolation
 m - 2 scrolls of fear
 q - 3 scrolls of fog
 u - 2 scrolls of blinking
 I - 2 scrolls of enchant armour
Potions
 e - a potion of might
 j - a potion of cancellation
 l - 4 potions of lignification
 n - 3 potions of flight
 o - 4 potions of haste
 B - a potion of mutation
 D - a potion of resistance


   Skills:
 + Level 12.5 Fighting
   Level 1.2(2.7) Maces & Flails
 - Level 0.3(2.3) Polearms
 * Level 3.8(4.0) Staves
 + Level 11.2 Throwing
 - Level 2.1 Dodging
 - Level 0.7 Stealth
 + Level 9.5 Invocations


You had 10 spell levels left.
You didn't know any spells.
Your spell library contained the following spells:

 Spells                   Type           Power        Failure   Level
 Apportation              Tloc           #.....       100%        1
 Sting                    Tmut/Pois      #...         100%        1
 Summon Small Mammal      Summ           #...         100%        1
 Call Imp                 Summ           #.......     100%        2
 Poisonous Vapours        Pois/Air       #.....       100%        2
 Call Canine Familiar     Summ           #.......     100%        3
 Ignite Poison            Fire/Tmut/Pois #.......     100%        3
 Lesser Beckoning         Tloc           #.........   100%        3
 Mephitic Cloud           Conj/Pois/Air  #.......     100%        3
 Summon Guardian Golem    Hex/Summ       #.......     100%        3
 Tukima's Dance           Hex            #.......     100%        3
 Olgreb's Toxic Radiance  Pois           #.......     100%        4
 Summon Ice Beast         Ice/Summ       #.......     100%        4
 Summon Lightning Spire   Summ/Air       #.......     100%        4
 Alistair's Intoxication  Tmut/Pois      #........    100%        5
 Invisibility             Hex            #.......     100%        6


Dungeon Overview and Level Annotations

Branches:
Dungeon (11/15)            Temple (1/1) D:4            Lair (0/6) D:9
    Orc (0/2) D:10        Ossuary (visited)

Altars:
Ashenzari
Cheibriados
Dithmenos
Elyvilon
Fedhas
Gozag
Hepliaklqana
Kikubaaqudgha
Makhleb
Nemelex Xobeh
Okawaru
Qazlal
Ru
Sif Muna
Trog
Uskayaw
Vehumet
Wu Jian
Xom
Yredelemnul
Zin
The Shining One

Shops:
D:10 *   D:11 (:}?

Annotations:
D:3 1 runed translucent door, jt's ghost, amateur PaDe
D:5 2 transporters, Lanoc's ghost, amateur GnIE


Innate Abilities, Weirdness & Mutations

You reflexively headbutt those who attack you in melee.
You have a pair of horns on your head.


Message History

You resist with almost no effort.
You closely miss the guardian serpent.
You headbutt the guardian serpent, but do no damage.
The guardian serpent hits you!
You hit the guardian serpent but do no damage.
The guardian serpent hits you!
The guardian serpent completely misses you.
You barely miss the guardian serpent.
The guardian serpent hits you but does no damage.
The guardian serpent casts a spell at you.
The bolt of poison hits you!
You are poisoned.
* * * LOW HITPOINT WARNING * * *
You feel yourself speed up.
You feel sick.
The guardian serpent coils itself and waves its upper body at you.
The bolt of poison hits you!
You are more poisoned.
* * * LOW HITPOINT WARNING * * *
You feel much better.
You feel sick. The guardian serpent barely misses you.
The guardian serpent hits you!
* * * LOW HITPOINT WARNING * * *
You feel better.
The guardian serpent closely misses you.
You feel very mighty all of a sudden. The guardian serpent hits you!
* * * LOW HITPOINT WARNING * * *
Unknown command.
You slice the guardian serpent!!
The guardian serpent casts a spell at you.
The bolt of poison hits you!
You are poisoned.
* * * LOW HITPOINT WARNING * * *
Unknown command.
You feel much better.
You feel sick. The guardian serpent hits you!
* * * LOW HITPOINT WARNING * * *
You feel better. The guardian serpent hits you.
* * * LOW HITPOINT WARNING * * *
You closely miss the guardian serpent. The guardian serpent hits you.
* * * LOW HITPOINT WARNING * * *
Unknown command.
Aim: a guardian serpent (severely wounded)
The bolt of acid misses the guardian serpent.
The guardian serpent hits you.
* * * LOW HITPOINT WARNING * * *
Aim: a guardian serpent (severely wounded)
The bolt of acid hits the guardian serpent!
The guardian serpent is splashed with acid.
The acid corrodes the guardian serpent!
The guardian serpent hits you!
You die...
Fedhas appreciates your contribution to the ecosystem.

#
#..######.....((.......##......
# #..# #.......(......##......
###..# #..[.....>(............
.....# #.........(............
(....# #......################
###..# #......#.'.#...).......
#..# #......#.#.#.........).
#..# #......#.#.#...>...).).
#..# #....)@#.#......)....).
#..# #....[S###.............
#..######......# #≈....#.......
#.........##...# #.≈...#.......
#.........##...################
#...#####.##...........# #..###
#...# #.##...........# #.....
#...# #.##......###..# #.....
#...# #.##......# #..# #.....


You could see a guardian serpent (corroded).

Vanquished Creatures
  Erica (D:8)
  A hydra (D:11)
  A two-headed ogre (D:9)
  A cyclops (D:10)
  2 centaur skeletons
  A gargoyle (D:11)
  2 tengu conjurers (D:11)
  Sigmund (D:6)
  A wraith (D:11)
  A wyvern (D:9)
  3 water moccasins
  A soldier ant (D:10)
  A swamp drake (D:10)
  2 porcupines
  3 ice beasts
  2 sky beasts
  6 orc warriors
  2 phantoms
  5 ogres
  3 black bears
  A crocodile (D:10)
  5 centaurs
  3 elf zombies (Ossuary)
  2 big kobolds (D:7)
  A wyvern zombie (D:8)
  5 bullfrogs
  A gnoll sergeant (D:7)
  A wyvern skeleton (D:10)
  2 scorpions
  A water moccasin zombie (D:7)
  5 killer bees (D:10)
  4 howler monkeys
  8 wights
  2 electric eels (D:10)
  3 hounds
  4 jellies
  4 orc priests
  2 human zombies (Ossuary)
  8 orc wizards
  A bullfrog skeleton (D:9)
  3 iguanas
  Jessica (D:2)
  6 worker ants
  Natasha (thrice) (D:4)
  A hound skeleton (D:9)
  A hound zombie (Ossuary)
  3 mummies (Ossuary)
  3 worker ant zombies
  Robin (D:4)
  8 gnolls
  13 adders
  3 white imps
  4 oozes
  3 ufetubi
  4 adder zombies
  An adder skeleton (D:7)
  4 dart slugs (D:1)
  8 leopard geckos
  42 orcs
  5 bats
  2 giant cockroaches (D:2)
  A gnoll zombie (Ossuary)
  14 goblins
  9 hobgoblins
  6 jackals
  5 quokkas
  4 ball pythons
  6 frilled lizards
  2 goblin zombies (Ossuary)
  9 hobgoblin zombies (Ossuary)
  4 jackal zombies (Ossuary)
  14 kobolds
  6 kobold zombies (Ossuary)
  3 quokka zombies (Ossuary)
  3 rats
  2 rat zombies (Ossuary)
  A spectral orc (D:7)
311 creatures vanquished.

Vanquished Creatures (collateral kills)
  2 hornets (D:10)
  A porcupine (D:9)
  2 black bears (D:9)
  A crocodile (D:8)
  2 wights (D:9)
  2 orcs (D:11)
  13 ballistomycete spores
23 creatures vanquished.

Vanquished Creatures (others)
  5 fungi (D:9)
5 creatures vanquished.

Grand Total: 339 creatures vanquished

Notes
Turn   | Place    | Note
-------+----------+-------------------------------------------
     0 | D:1      | vurker the Minotaur Hunter began the quest for the Orb.
     0 | D:1      | Reached XP level 1. HP: 18/18 MP: 0/0
   244 | D:1      | Reached XP level 2. HP: 24/25 MP: 1/1
   248 | D:1      | Reached skill level 3 in Fighting
   687 | D:1      | Reached XP level 3. HP: 31/31 MP: 2/2
  1141 | D:2      | Reached skill level 4 in Fighting
  1195 | D:2      | Noticed Jessica
  1223 | D:2      | Killed Jessica
  1223 | D:2      | Reached skill level 5 in Throwing
  1223 | D:2      | Reached XP level 4. HP: 14/40 MP: 3/3
  1617 | D:3      | Found a shimmering altar of Xom.
  1619 | D:3      | Found a shimmering altar of Xom.
  1619 | D:3      | Found a shimmering altar of Xom.
  1620 | D:3      | Found a shimmering altar of Xom.
  1620 | D:3      | Found a shimmering altar of Xom.
  1620 | D:3      | Found a shimmering altar of Xom.
  1767 | D:3      | Found a shadowy altar of Dithmenos.
  2399 | D:3      | Found a runed translucent door.
  2401 | D:3      | Noticed jt's ghost (amateur PaDe)
  2617 | D:4      | Reached XP level 5. HP: 36/47 MP: 4/4
  2821 | D:4      | Noticed Natasha
  2823 | D:4      | Killed Natasha
  2823 | D:4      | Reached skill level 5 in Fighting
  2867 | D:4      | Found a staircase to the Ecumenical Temple.
  2902 | D:4      | HP: 2/48 [orc priest/+0 flail (6)]
  2975 | D:4      | Noticed Robin
  3013 | D:4      | Killed Robin
  3013 | D:4      | Reached XP level 6. HP: 16/56 MP: 5/5
  3415 | D:4      | Reached skill level 6 in Fighting
  3622 | Temple   | Entered the Ecumenical Temple
  3940 | Temple   | Became a worshipper of Fedhas Madash
  4085 | D:4      | Reached skill level 1 in Invocations
  4289 | D:4      | Got an encrusted dagger
  4474 | D:4      | Noticed Natasha
  4479 | D:4      | Killed Natasha
  4600 | D:4      | Found a shimmering blue altar of Sif Muna.
  4627 | D:4      | Reached XP level 7. HP: 51/64 MP: 5/7
  4719 | D:4      | Noticed Natasha
  4730 | D:4      | Killed Natasha
  4923 | D:5      | Entered Level 5 of the Dungeon
  4929 | D:5      | Identified the +10 dagger of Experimentation {freeze, *Slow
                  | rN+ Str+5 Dex+2} (You found it on level 4 of the Dungeon)
  5125 | D:5      | Found a transporter.
  5129 | D:5      | Found a transporter.
  5130 | D:5      | Noticed Lanoc's ghost (amateur GnIE)
  5190 | D:5      | Found a sand-covered staircase.
  5194 | Ossuary  | Entered an ossuary
  5228 | Ossuary  | Reached * piety under Fedhas
  5367 | Ossuary  | Reached skill level 7 in Fighting
  5601 | Ossuary  | Reached ** piety under Fedhas
  5755 | D:5      | Found an ancient bone altar of Kikubaaqudgha.
  5760 | D:5      | Reached XP level 8. HP: 73/73 MP: 9/9
  5781 | D:5      | Found a shadowy altar of Dithmenos.
  5795 | D:5      | Found an iron altar of Okawaru.
  5809 | D:5      | Found a hazy altar of Hepliaklqana.
  6609 | D:6      | Noticed Sigmund
  6657 | D:5      | Reached skill level 8 in Fighting
  6843 | D:6      | Killed Sigmund
  7301 | D:7      | Reached skill level 5 in Invocations
  7314 | D:7      | Reached skill level 9 in Fighting
  7315 | D:7      | Reached *** piety under Fedhas
  7454 | D:7      | Reached XP level 9. HP: 81/83 MP: 12/12
  8173 | D:7      | Found a shattered altar of Ashenzari.
  8239 | D:7      | Got a twisted leather armour
  8337 | D:7      | Found a basalt altar of Yredelemnul.
  8448 | D:7      | Identified the cursed +1 leather armour of Plasticity
                  | {Str+3} (You found it on level 7 of the Dungeon)
  8690 | D:8      | Noticed Erica
  8714 | D:8      | Reached **** piety under Fedhas
  8724 | D:8      | Killed Erica
  8724 | D:8      | Reached skill level 10 in Fighting
  9222 | D:8      | Found a radiant altar of Vehumet.
  9428 | D:8      | Found a bloodstained altar of Trog.
  9648 | D:9      | Noticed a two-headed ogre
  9896 | D:8      | Reached XP level 10. HP: 37/94 MP: 14/14
 10492 | D:9      | Killed a two-headed ogre
 10492 | D:9      | Reached skill level 11 in Fighting
 10492 | D:9      | Reached skill level 10 in Throwing
 10981 | D:9      | Found a staircase to the Lair.
 11269 | D:9      | Found a white marble altar of Elyvilon.
 11421 | D:9      | Found a sparkling altar of Nemelex Xobeh.
 11422 | D:9      | Found an opulent altar of Gozag.
 11587 | D:10     | Entered Level 10 of the Dungeon
 11592 | D:10     | Noticed a cyclops
 11928 | D:10     | Found Xentut's General Store.
 11961 | D:10     | Killed a cyclops
 11965 | D:10     | Reached skill level 12 in Fighting
 12720 | D:10     | Reached XP level 11. HP: 104/104 MP: 16/16
 13215 | D:10     | Reached skill level 1 in Maces & Flails
 13590 | D:10     | Bought a +0 vampiric lajatang for 470 gold pieces
 13590 | D:10     | Bought a potion of heal wounds for 50 gold pieces
 13590 | D:10     | Bought a potion of might for 40 gold pieces
 13590 | D:10     | Bought a scroll of enchant armour for 75 gold pieces
 13822 | D:10     | Found a staircase to the Orcish Mines.
 14279 | D:11     | Found Memik's Gadget Shop.
 14315 | D:11     | Reached skill level 1 in Staves
 14772 | D:11     | Found Ibburch's Magic Scroll Boutique.
 14790 | D:11     | Bought a scroll of blinking for 75 gold pieces
 14790 | D:11     | Bought a scroll of teleportation for 30 gold pieces
 14790 | D:11     | Bought a scroll of teleportation for 30 gold pieces
 14790 | D:11     | Bought a scroll of blinking for 75 gold pieces
 14832 | D:11     | Noticed an eight-headed hydra
 14861 | D:11     | Killed a ten-headed hydra
 15250 | D:11     | Found Firhef's Book Shoppe.
 15257 | D:11     | Found Atezi's Antique Weapon Boutique.
 15898 | D:10     | HP: 2/105 [guardian serpent/bolt of poison (16)]
 15903 | D:10     | Mangled by a guardian serpent

Illustrated notes

Levels and vault maps discovered:
D:1:      scummos_arrival_hexagon, layout_loops_cross, minmay_bisected
D:2:      layout_basic, uniq_jessica
D:3:      layout_loops_corners, xom_redecorated, ebering_ghost_inner_flame,
          nrook_campfire, grunt_dithmenos_smoke
D:4:      layout_basic, led_sif_book, minmay_temple_entry_mist,
          hangedman_decor_points, uniq_natasha, uniq_robin
D:5:      layout_basic, grunt_temple_overflow_cloverleaf, enter_ossuary_5,
          gammafunk_ghost_smash
D:6:      layout_rooms, uniq_sigmund
D:7:      layout_loops_ring, yredelemnul_forgotten_temple_becter,
          kennysheep_little_box
D:8:      layout_layer_cave, vehumet_altar_wand_db, lemuel_crystal_altar,
          uniq_erica
D:9:      layout_rooms, grunt_temple_overflow_opulence, lemuel_round_altar,
          due_lair_maze_entry_diamond, grunt_ministairs_13
D:10:     layout_long_grid, erik_orc_1, serial_shops, shop, minivault_14
D:11:     layout_cave_pools, serial_shops, nicolae_shop_behind_doors,
          shop_coins, shop, shop, nrook_guardian_serpent_double
Temple:   compressed_dpeg_triangle_lava_temple

Skill      XL: |  1  2  3  4  5  6  7  8  9 10 11 |
---------------+----------------------------------+-----
Fighting       | 3 4 5 6 7 9 10 12 | 12.5
Throwing       | 5 6 7 8 9 10 11 | 11.2
Invocations    | 1 3 5 7 9 |  9.5
Maces & Flails | 1 |  1.2
Staves         | 3 |  3.8
Polearms       | |  0.3
Dodging        | |  2.1
Stealth        | |  0.7

Action                   |  1- 3 |  4- 6 |  7- 9 | 10-12 || total
-------------------------+-------+-------+-------+-------++-------
Melee: Short sword       |   117 |   173 |     7 |       ||   297
       Headbutt          |    13 |    25 |    68 |    61 ||   167
       Dagger            |       |       |   321 |    94 ||   415
       Scimitar          |       |       |       |    36 ||    36
       Lajatang          |       |       |       |   116 ||   116
       Morningstar       |       |       |       |    31 ||    31
Throw: Throwing net      |       |     2 |       |     2 ||     4
       Javelin           |       |     3 |     6 |     8 ||    17
Invok: Wall of Briars    |       |       |       |     9 ||     9
       Grow Ballistomyce |       |       |       |     6 ||     6
Evoke: Wand              |       |       |       |     8 ||     8
  Use: Scroll            |       |     1 |    14 |     9 ||    24
       Potion            |       |       |     1 |    10 ||    11
 Stab: Sleeping          |     1 |       |       |       ||     1
       Held in net/web   |       |     1 |       |       ||     1
       Distracted        |       |       |     1 |     1 ||     2
Armor: Leather armour    |     4 |       |       |       ||     4
       Chain mail        |    58 |    89 |    67 |       ||   214
       Plate armour      |       |       |   107 |   263 ||   370
Dodge: Dodged            |    52 |    57 |   110 |   163 ||   382
       Rpst.: Scimitar   |       |       |       |     9 ||     9

Table legend: (Time is in decaauts)
 A = Elapsed time spent in this place.
 B = Non-inter-level travel time spent in this place.
 C = Inter-level travel time spent in this place.
 D = Time resting spent in this place.
 E = Time spent auto-exploring this place.
 F = Levels seen in this place.
 G = Mean time per level.
                   A        B        C        D        E       F      G
               +--------+--------+--------+--------+--------+-----+--------+
         Total |  16056 |  15611 |    445 |   1453 |  11628 |  13 | 1235.1 |
       Dungeon |  15249 |  14845 |    404 |   1453 |  11025 |  11 | 1386.3 |
        Temple |    337 |    296 |     41 |      0 |    285 |   1 |  337.0 |
       Ossuary |    469 |    469 |      0 |      0 |    318 |   1 |  469.0 |
               +--------+--------+--------+--------+--------+-----+--------+

Top non-repeatable levels by time:
    D:10: 2320 daAuts
     D:9: 1880 daAuts
     D:8: 1829 daAuts
     D:4: 1777 daAuts
    D:11: 1467 daAuts
     D:7: 1354 daAuts
     D:5: 1325 daAuts
     D:3: 1213 daAuts
     D:1: 849 daAuts
     D:2: 777 daAuts
 Ossuary: 469 daAuts
     D:6: 453 daAuts
  Temple: 337 daAuts
